 Dungeon Sprint DCSS version 0.32-a0-12-g7fc57aa741 (webtiles) character file.

Game seed: 12949772892142478655

4818 Conn the Arsonist (level 10, 0/47 (56) HPs)
             Began as an Octopode Fire Elementalist on Jan 14, 2024.
             Was an Elder of Sif Muna.
             Killed from afar by a laughing skull (29 damage)
             ... with a bolt of negative energy
             ... in the Dungeon (Sprint II: "The Violet Keep of Menkaure").
             The game lasted 00:22:09 (915 turns).

Conn the Arsonist (Octopode Fire Elementalist)       Turns: 915, Time: 00:22:10

HP:   0/47 (56)     AC:  3    Str:  8    XL:     10   Next: 48%
MP:   11/24         EV: 19    Int: 22    God:    Sif Muna [****..]
Gold: 202           SH:  5    Dex: 21    Spells: 12/29 levels left

rFire   + . .        d - +1 quarterstaff "Kuykhliog" {freeze, Dex+9}
rCold   + . .        (shield currently unavailable)
rNeg    . . .        s - +2 hat
rPois   +            a - amulet "Uwnahidgh" {Reflect rPois SH+5 SInv}
rElec   +            t - ring of wizardry
rCorr   +            (no ring)
SInv    +            (no ring)
Will    .....        (no ring)
Stlth   +++++        (no ring)
HPRegen 0.27/turn    (no ring)
MPRegen 0.19/turn    (no ring)
                     (no ring)

%: no teleportation, reflection, wizardry (x1)
@: resistant, heavily drained
A: almost no armour, amphibious, 8 rings, camouflage 1, gelatinous body 1,
(nimble swimmer 1), tentacles
a: Renounce Religion, Channel Magic, Forget Spell, Divine Exegesis


You were in the Dungeon.
You worshipped Sif Muna.
Sif Muna was greatly pleased with you.
You visited 1 branch You collected 2541 gold pieces.
You spent 2339 gold pieces at shops.

Inventory:

Hand Weapons
 d - the +1 quarterstaff "Kuykhliog" (weapon) {freeze, Dex+9}
   (You bought it in a shop in the Dungeon)

   Dex+9:     It affects your dexterity (+9).
Missiles
 r - 2 poisoned darts
Armour
 m - the orb "Moodoz" {*Rage, Str+7}
   (You bought it in a shop in the Dungeon)

   Str+7:     It affects your strength (+7).
 s - a +2 hat (worn)
Jewellery
 a - the amulet "Uwnahidgh" (around mantle) {Reflect rPois SH+5 SInv}
   (You bought it in a shop in the Dungeon)

   [amulet of reflection]

   Reflect:   It reflects blocked missile attacks.
   rPois:     It protects you from poison SInv: It lets you see invisible.
   SH+5:      It affects your SH (+5).
 e - an amulet of magic regeneration
 t - a ring of wizardry (left tentacle)
Scrolls
 f - a scroll of blinking
 g - a scroll of fog
 j - a scroll of butterflies
 n - a scroll of immolation
 p - a scroll of poison
Potions
 b - 3 potions of curing
 c - 5 potions of heal wounds
 h - 2 potions of degeneration
 i - 3 potions of enlightenment
 k - 3 potions of magic
 l - 2 potions of resistance
 q - 2 potions of lignification


   Skills:
 + Level 8.1 Dodging
 - Level 6.2 Stealth
 - Level 2.2 Unarmed Combat
 * Level 10.0 Spellcasting
 * Level 9.5 Conjurations
 + Level 6.4 Hexes
 + Level 6.4 Summonings
 + Level 6.4 Translocations
 + Level 11.2 Fire Magic
 * Level 10.1 Invocations


You had 12 spell levels left.
You knew the following spells:

 Your Spells              Type           Power      Damage    Failure   Level
a - Foxfire               Conj/Fire      100%       2x1d9     1%          1
b - Scorch                Fire           100%       2d9       1%          2
c - Inner Flame           Hex/Fire       49%        N/A       1%          3
d - Flame Wave            Conj/Fire      54%        2d13      1%          4
e - Blink                 Tloc           78%        N/A       1%          2
f - Call Imp              Summ           78%        N/A       1%          2
g - Stone Arrow           Conj/Erth      64%        3d11      1%          3

Your spell library contained the following spells:

 Spells                   Type           Power      Damage    Failure   Level
 Magic Dart               Conj           100%       1d8       1%          1
 Volatile Blastmotes      Fire/Tloc      98%        2d18      1%          3
 Haunt                    Necr/Summ      12%        N/A       99%         7
 Borgnjor's Revivificati  Necr           5%         N/A       100%        8
 Lehudib's Crystal Spear  Conj/Erth      16%        10d5      100%        8
 Death's Door             Necr           5%         N/A       100%        9
 Animate Armour           Summ/Erth      Unusable   N/A       N/A         4

Dungeon Overview and Level Annotations

Branches:
Dungeon (1/1)

Altars:
Cheibriados
Dithmenos
Elyvilon
Fedhas
Gozag
Hepliaklqana
Kikubaaqudgha
Makhleb
Nemelex Xobeh
Okawaru
Qazlal
Ru
Sif Muna
Trog
Uskayaw
Vehumet
Wu Jian
Xom
Yredelemnul
Zin
The Shining One
Jiyva
Lugonu

Shops:
D [:=[[!?[:(?:*!=

Annotations:
D exclusion: oklob plant


Innate Abilities, Weirdness & Mutations

You cannot wear most types of armour.
You are amphibious.
You can wear up to eight rings at the same time.
Your skin changes colour to match your surroundings (Stealth+).
Your rubbery body absorbs attacks. (AC +1, EV +1)
((You are camouflaged when in or above water. (Stealth+)))
You have tentacles for arms and can constrict up to eight enemies at once.


Message History

The laughing skull is heavily damaged. (Press . to intensify the flame waves.)
The laughing skull is engulfed in blazing flames.
Flame seeps out of the laughing skull.
The laughing skull headbutts you! The laughing skull barely misses you.
Unknown command.
Unknown command.
Unknown command.
Unknown command.
Press: ? - help, v - describe, . - travel
Here: a laughing skull (flame, severely damaged, inner flame)
The floor.
Unknown command.
Unknown command.
Unknown command.
The laughing skull is no longer more vulnerable to fire.
The laughing skull is engulfed in blazing flames.
Flame seeps out of the laughing skull.
The laughing skull attacks as it pursues you!
The laughing skull headbutts you!
The laughing skull completely misses you.
The laughing skull is engulfed in blazing flames.
There is an open door here.
You feel much better.
The laughing skull completely misses you.
The laughing skull gibbers with scorn.
The bolt of negative energy misses the laughing skull.
The bolt of negative energy hits you!
You feel drained.
You feel protected. You block the laughing skull's attack.
The laughing skull is engulfed in blazing flames.
The laughing skull misses you.
The laughing skull is engulfed in blazing flames.
The laughing skull cackles spitefully.
The bolt of negative energy hits the laughing skull.
The laughing skull completely resists.
The bolt of negative energy hits you!!
You feel drained.
Ouch! That really hurt!
You die...
The laughing skull crumbles to pieces from sheer joy.

..####...○..... #○ ...~##....z.
#° ##########~~#'''#+++## #
#########~~§.zY......# #
∩.∩.....#~~~~.##'##..# #. #
.∩.∩....#~~~~##c#.##.#### +.##.#
..∩.∩...#~~~~#Yz#..#....# ...##
...∩.∩..#c~####z#.####..## #..##
....∩.⌠.#~##.###@###.##..# +..#.
...∩.∩..#~#...##.###..#..# #^.#.
..∩.∩...'~'.##'.<.'##.+..####^.##
...∩....#~###.##.##.#.#....###...
▓▓▓▓▓▓###~##.###'###.##......)~~~
$Gh######~~####.).####~~.....~#'#
($h#k ##~~~#..#..#~~~~~~~.§~#..
∩P)+.. #'#~##...##~~~~~~~~§~#..
[.$#?# #.#~~##'##~~~≈≈≈§§~~~#..


You could see a yaktaur captain (inner flame, poisoned), an elephant (inner
flame) and 2 laughing skulls.

Vanquished Creatures
  Kirke (D)
  2 boulder beetles (D)
  A merfolk siren (D)
  An unseen horror (D)
  A kobold demonologist (D)
  A yaktaur (D)
  2 polar bears (D)
  A hornet (D)
  4 neqoxecs (D)
  Menkaure (D)
  A crocodile (D)
  A scorpion (D)
  3 ribbon worms (D)
20 creatures vanquished.

Vanquished Creatures (others)
  A polar bear (D)
  41 foxfires (D)
  8 tentacles (D)
50 creatures vanquished.

Grand Total: 70 creatures vanquished

Notes
Turn   | Place    | Note
-------+----------+-------------------------------------------
     0 | D        | Conn the Octopode Fire Elementalist began the quest for the
                  | Orb.
     0 | D        | Reached XP level 1. HP: 11/11 MP: 3/3
    15 | D        | Reached skill level 4 in Fire Magic
    20 | D        | Reached XP level 2. HP: 5/17 MP: 5/5
    25 | D        | Learned a level 2 spell: Scorch
    26 | D        | Noticed a merfolk siren
    35 | D        | Found Pivist's Jewellery Shop.
    35 | D        | Found Xut Cuatz's Book Boutique.
    35 | D        | Found Tusmuq's Distillery.
    35 | D        | Found Unaneil's Magic Scroll Shop.
    36 | D        | Found Lofeax's Antique Weapon Shop.
    36 | D        | Found Pioc's Book Boutique.
    36 | D        | Found Pykicim's Armour Shop.
    36 | D        | Found Puatygg's Magic Scroll Boutique.
    37 | D        | Found Empity's Antique Armour Boutique.
    37 | D        | Found Hagiw's Antique Armour Shop.
    38 | D        | Found Azeno's General Store.
    38 | D        | Found Fyusee's Distillery.
    38 | D        | Noticed a hell hog
    39 | D        | Found Mipy's Jewellery Shop.
    39 | D        | Noticed Menkaure
    39 | D        | Noticed a hell hog
    39 | D        | Noticed an oklob plant
    40 | D        | Found Ighir's Book Shoppe.
    40 | D        | Found Buxos's Antique Armour Boutique.
    40 | D        | Noticed a great orb of eyes
    46 | D        | Noticed a wyvern
    46 | D        | Noticed a wyvern
    46 | D        | Noticed a wyvern
    57 | D        | Killed Menkaure
    58 | D        | Reached skill level 5 in Stealth
    58 | D        | Reached skill level 1 in Unarmed Combat
    58 | D        | Reached skill level 7 in Fire Magic
    58 | D        | Reached XP level 3. HP: 18/21 MP: 2/8
    58 | D        | Reached XP level 4. HP: 23/27 MP: 2/10
    58 | D        | Reached XP level 5. HP: 26/31 MP: 2/11
    62 | D        | Learned a level 3 spell: Inner Flame
    67 | D        | Learned a level 4 spell: Flame Wave
    68 | D        | Bought a book of Minor Magic for 160 gold pieces
    97 | D        | Reached skill level 8 in Fire Magic
   111 | D        | Noticed a crocodile
   114 | D        | Killed a crocodile
   115 | D        | Reached skill level 5 in Spellcasting
   115 | D        | Reached skill level 9 in Fire Magic
   117 | D        | Found an opulent altar of Gozag.
   118 | D        | Found a blossoming altar of Fedhas.
   119 | D        | Found a white marble altar of Elyvilon.
   119 | D        | Found a burning altar of Makhleb.
   120 | D        | Found a shadowy altar of Dithmenos.
   120 | D        | Found a corrupted altar of Lugonu.
   121 | D        | Found a snail-covered altar of Cheibriados.
   121 | D        | Found an ancient bone altar of Kikubaaqudgha.
   121 | D        | Found a bloodstained altar of Trog.
   122 | D        | Found a viscous altar of Jiyva.
   122 | D        | Found a shimmering blue altar of Sif Muna.
   123 | D        | Found a hazy altar of Hepliaklqana.
   123 | D        | Found a sacrificial altar of Ru.
   124 | D        | Found a shimmering altar of Xom.
   125 | D        | Found a stormy altar of Qazlal.
   125 | D        | Found an ornate altar of the Wu Jian Council.
   125 | D        | Found a sparkling altar of Nemelex Xobeh.
   125 | D        | Found a hide-covered altar of Uskayaw.
   125 | D        | Found a basalt altar of Yredelemnul.
   125 | D        | Found a glowing golden altar of the Shining One.
   126 | D        | Found a radiant altar of Vehumet.
   126 | D        | Found an iron altar of Okawaru.
   126 | D        | Found a glowing silver altar of Zin.
   128 | D        | Noticed a crocodile
   129 | D        | Noticed a crocodile
   131 | D        | Became a worshipper of Sif Muna the Loreminder
   144 | D        | Noticed a crocodile
   144 | D        | Noticed a kraken
   152 | D        | Learned a level 2 spell: Blink
   155 | D        | Learned a level 2 spell: Call Imp
   160 | D        | Noticed a yaktaur
   160 | D        | Noticed a hornet
   160 | D        | Noticed a polar bear
   174 | D        | Killed a polar bear
   175 | D        | Reached XP level 6. HP: 22/36 MP: 11/15
   249 | D        | Noticed a polar bear
   250 | D        | Killed a hornet
   250 | D        | Noticed a polar bear
   251 | D        | Reached skill level 5 in Dodging
   251 | D        | Reached XP level 7. HP: 41/41 MP: 2/16
   255 | D        | Killed a polar bear
   255 | D        | Reached * piety under Sif Muna
   256 | D        | Reached skill level 5 in Conjurations
   256 | D        | Reached skill level 5 in Invocations
   256 | D        | Reached XP level 8. HP: 46/46 MP: 10/18
   262 | D        | Killed a polar bear
   269 | D        | Killed a yaktaur
   270 | D        | Reached skill level 10 in Fire Magic
   540 | D        | Identified 2 scrolls of acquirement
   549 | D        | Acquired 582 gold pieces
   551 | D        | Acquired 772 gold pieces
   560 | D        | Learned a level 3 spell: Stone Arrow
   592 | D        | Reached ** piety under Sif Muna
   605 | D        | Reached XP level 9. HP: 37/51 MP: 4/21
   642 | D        | Killed a merfolk siren
   642 | D        | Reached *** piety under Sif Muna
   697 | D        | Noticed a boulder beetle
   697 | D        | Noticed a boulder beetle
   709 | D        | Killed a boulder beetle
   709 | D        | Killed a boulder beetle
   710 | D        | Reached skill level 5 in Hexes
   710 | D        | Reached skill level 5 in Summonings
   710 | D        | Reached skill level 5 in Translocations
   710 | D        | Reached XP level 10. HP: 37/56 MP: 1/23
   820 | D        | Bought the amulet "Uwnahidgh" {Reflect rPois SH+5 SInv} for
                  | 454 gold pieces
   832 | D        | Bought an ancient quarterstaff for 261 gold pieces
   832 | D        | Identified the +1 quarterstaff "Kuykhliog" {freeze, Dex+9}
                  | (You bought it in a shop in the Dungeon)
   834 | D        | Bought a potion of lignification for 30 gold pieces
   834 | D        | Bought a potion of heal wounds for 50 gold pieces
   835 | D        | Bought a Necronomicon for 594 gold pieces
   844 | D        | Bought a glowing hat for 112 gold pieces
   852 | D        | Bought a smoking orb for 378 gold pieces
   852 | D        | Identified the orb "Moodoz" {*Rage, Str+7} (You bought it
                  | in a shop in the Dungeon)
   861 | D        | Bought a ring of wizardry for 300 gold pieces
   885 | D        | Noticed a centaur warrior
   885 | D        | Noticed Kirke
   885 | D        | Noticed a kobold demonologist
   886 | D        | Noticed an elephant
   886 | D        | Noticed a yaktaur captain
   887 | D        | Noticed a skeletal warrior
   889 | D        | Killed a kobold demonologist
   894 | D        | Noticed an unseen horror
   897 | D        | Killed Kirke
   897 | D        | Reached **** piety under Sif Muna
   898 | D        | Reached skill level 11 in Fire Magic
   898 | D        | Reached skill level 10 in Invocations
   901 | D        | Killed an unseen horror
   902 | D        | Reached skill level 10 in Spellcasting
   915 | D        | Killed from afar by a laughing skull

Illustrated notes

Levels and vault maps discovered:
D:        the_violet_keep_of_menkaure [sprint2_stairs_cluster_1,
          sprint2_shoproom, sprint2_temple, sprint2_basic_supplies,
          sprint2_obstacle_7, sprint2_obstacle_3, sprint2_obstacle_1,
          sprint2_obstacle_5, sprint2_obstacle_2, sprint2_timed_cluster_1,
          sprint2_smallroom_cluster_1, sprint2_smallroom_final_cluster_1,
          sprint2_transparent_cluster_1, sprint2_second_timed_cluster_1,
          sprint2_sniper_area_1, sprint2_heavy_combat_area_1,
          sprint2_mutation_trap_area_1, sprint2_forest_area_1,
          sprint2_light_combat_area_1, sprint2_behind_water_1,
          sprint2_near_end_vault_1]

Skill      XL: |  1  2  3  4  5  6  7  8  9 10 |
---------------+-------------------------------+-----
Stealth        | 3 5 6 |  6.2
Fire Magic     | 4 7 9 10 11 | 11.2
Dodging        | 3 4 5 6 7 8 |  8.1
Unarmed Combat | 1 2 |  2.2
Spellcasting   | 4 6 7 8 9 10 | 10.0
Conjurations   | 3 4 5 7 8 9 |  9.5
Hexes          | 2 3 4 5 6 |  6.4
Summonings     | 2 3 4 5 6 |  6.4
Translocations | 2 3 4 5 6 |  6.4
Invocations    | 3 4 5 7 9 10 | 10.1

Action                     |  1- 3 |  4- 6 |  7- 9 | 10-12 || total
---------------------------+-------+-------+-------+-------++-------
  Melee: Unarmed           |     7 |     1 |       |       ||     8
         Constrict         |     3 |       |       |       ||     3
         Tentacles         |     2 |     1 |       |       ||     3
   Cast: Foxfire           |     6 |     4 |    13 |       ||    23
         Scorch            |     1 |     7 |    17 |     6 ||    31
         Inner Flame       |       |     3 |     7 |     5 ||    15
         Call Imp          |       |     2 |     2 |     4 ||     8
         Blink             |       |       |     2 |       ||     2
         Flame Wave        |       |       |     3 |     1 ||     4
         Stone Arrow       |       |       |       |     1 ||     1
 Invoke: Channel Magic     |       |       |     1 |     1 ||     2
    Use: Potion            |     3 |     1 |     2 |     2 ||     8
         Scroll            |       |       |    12 |     3 ||    15
 Armour: Skin              |     2 |     3 |     4 |     6 ||    15
  Dodge: Dodged            |     1 |     6 |     3 |    14 ||    24
  Block: Other             |       |       |       |     1 ||     1

Table legend: (Time is in decaauts)
 A = Elapsed time spent in this place.
 B = Non-inter-level travel time spent in this place.
 C = Inter-level travel time spent in this place.
 D = Time resting spent in this place.
 E = Time spent auto-exploring this place.
 F = Levels seen in this place.
 G = Mean time per level.
                   A        B        C        D        E       F      G
               +--------+--------+--------+--------+--------+-----+--------+
         Total |    912 |    912 |      0 |    273 |      0 |   1 |  912.0 |
       Dungeon |    912 |    912 |      0 |    273 |      0 |   1 |  912.0 |
               +--------+--------+--------+--------+--------+-----+--------+

Top non-repeatable levels by time:
       D: 912 daAuts
